 Dungeon Crawl Stone Soup version 0.22-b1-26-g9dbaab1 (webtiles) character file.

25011 Loudmushroom the Severer (level 12, -3/110 HPs)
             Began as a Minotaur Berserker on Aug 6, 2018.
             Was a High Priest of Trog.
             Splashed by an oklob plant's acid (13 damage)
             ... on level 4 of the Lair of Beasts on Aug 7, 2018.
             The game lasted 02:48:28 (17854 turns).

Loudmushroom the Severer (Minotaur Berserker)      Turns: 17854, Time: 02:48:29

Health: -3/110     AC: 15    Str: 24    XL:     12   Next: 85%
Magic:  16/16      EV: 11    Int:  4    God:    Trog [*****.]
Gold:   399        SH:  8    Dex: 13    Spells: 11/11 levels left

rFire    . . .     SeeInvis .   a - +2 war axe
rCold    . . .     Gourm    +   C - +0 shield
rNeg     . . .     Faith    .   P - +0 plate armour
rPois    .         Spirit   .   (helmet restricted)
rElec    .         Reflect  .   e - +0 cloak
rCorr    .         Harm     .   d - +1 pair of gloves
MR       +....                  (no boots)
Stlth    ..........             y - amulet of the gourmand
HPRegen  0.28/turn              n - ring of protection from magic
MPRegen  0.15/turn              N - +2 ring of evasion

@: corroded, berserk cooldown, slowed, very slow
A: retaliatory headbutt, horns 2
a: Berserk, Trog's Hand, Brothers in Arms, Renounce Religion


You were on level 4 of the Lair of Beasts.
You worshipped Trog.
Trog was extremely pleased with you.
You were full.

You visited 2 branches of the dungeon, and saw 14 of its levels.
You also visited: Ossuary.

You collected 678 gold pieces.
You spent 279 gold pieces at shops.

Inventory:

Hand Weapons
 a - a +2 war axe (weapon)
 b - a +0 hand crossbow
 g - a +2 hand axe of draining
 t - a +5 morningstar
 G - a +0 shortbow
 O - a cursed -2 blowgun
 S - a +3 battleaxe of venom
Missiles
 h - 186 arrows
 p - 114 bolts
 s - 8 curare-tipped needles
 v - 52 poisoned needles
 K - 4 tomahawks of returning
 M - 7 steel tomahawks
 R - 3 javelins of returning (quivered)
Armour
 d - a +1 pair of gloves (worn)
 e - a +0 cloak (worn)
 q - +0 steam dragon scales
 C - a +0 shield (worn)
 J - the +2 ring mail "Ufuarog" {+Fly MP+9}
   (You bought it in a shop on level 6 of the Dungeon)

   It affects your magic capacity (+9).
   It lets you fly.
 P - a +0 plate armour (worn)
Jewellery
 n - a ring of protection from magic (left hand)
 y - an amulet of the gourmand (around neck)
 N - a +2 ring of evasion (right hand)
 T - a cursed amulet of guardian spirit {unknown}
Wands
 f - a wand of flame (48)
 z - a wand of digging (15)
 A - a wand of random effects (36)
 V - a wand of scattershot (5)
 W - a wand of polymorph (27)
Scrolls
 i - a scroll of magic mapping
 o - 3 scrolls of remove curse
 w - 6 scrolls of teleportation
 x - 2 scrolls of enchant weapon
 B - 2 scrolls of identify
 D - a scroll of immolation
Potions
 j - a potion of cancellation
 k - 3 potions of agility
 l - 4 potions of might
 m - 8 potions of curing
 r - 3 potions of haste {unknown}
 u - 2 potions of heal wounds
 E - a potion of berserk rage {unknown}
 F - 2 potions of degeneration {unknown}
 H - 2 potions of resistance {unknown}
 I - a potion of ambrosia {unknown}
 L - 2 potions of flight {unknown}
 Q - 4 potions of lignification {unknown}
Comestibles
 c - 12 rations


   Skills:
 + Level 11.3 Fighting
 * Level 15.1 Axes
 + Level 11.1 Armour
 + Level 10.3 Dodging
 + Level 7.3 Evocations


You had 11 spell levels left.
You didn't know any spells.
Your spell library contained the following spells:

 Spells                   Type           Power        Failure   Level  Hunger
 Cause Fear               Hex            #.........   100%        4    #####..
 Deflect Missiles         Chrm/Air       #.........   100%        6    #######
 Silence                  Hex/Air        #.........   100%        5    ######.
 Discord                  Hex            #.........   100%        8    #######
 Yara's Violent Unravell  Hex/Tmut       #.........   100%        5    ######.


Dungeon Overview and Level Annotations

Branches:
Dungeon (10/15)            Temple (0/1) D:7            Lair (4/6) D:10
  Swamp (0/4) Lair:3        Snake (0/4) Lair:2
    Orc: D:9-12

Altars:
Dithmenos
Fedhas
Hepliaklqana
Kikubaaqudgha
Makhleb
Nemelex Xobeh
Okawaru
Ru
Trog
Vehumet
Yredelemnul
Zin
The Shining One

Shops:
D:6 [   D:8 (

Annotations:
Lair:4 exclusion: 3 oklob plants


Innate Abilities, Weirdness & Mutations

You reflexively headbutt those who attack you in melee.
You have a pair of horns on your head.


Message History

You see here 5 gold pieces.
The oklob plant spits acid at you. The splash of acid hits you!
* * * LOW HITPOINT WARNING * * *
You are splashed with acid!
The acid burns!
* * * LOW HITPOINT WARNING * * *
You see here a ration.
You feel your anger nearly subside.
You see here 5 gold pieces.
You are no longer berserk.
Trog's vigour flows through your veins.
You are exhausted.
You feel yourself slow down. The oklob plant spits acid at you.
The splash of acid misses you. The oklob plant spits acid at you.
The splash of acid hits you!
* * * LOW HITPOINT WARNING * * *
You are splashed with acid!
The acid burns!
You die...

#......#
#......#
##....<.##
##.......P#
#.#)......#
##.......##
##.......#
#P.......#
##@#######
#....$%..#
#..P.".PP#
#...(.$.$#
#....("..P#
#.......$..#
##.#.#######
#..#.. ##...


You could see 3 oklob plants.

Vanquished Creatures
  Harold (Lair:1)
  2 hydras
  3 two-headed ogres
  Nergalle (Lair:1)
  An unseen horror (D:10)
  An ugly thing (D:10)
  3 oklob plants
  A black mamba (Lair:3)
  3 spiny frogs
  3 komodo dragons
  15 blink frogs
  A hornet (D:10)
  4 hippogriffs
  A spriggan (D:9)
  A wyvern (Lair:3)
  3 basilisks
  23 yaks
  4 fire bats (D:9)
  A steam dragon (D:9)
  4 vampire mosquitoes (Lair:3)
  Edmund (D:6)
  A hell hound (D:9)
  5 water moccasins
  5 porcupines
  3 black bears
  5 orc warriors
  An ice beast (D:5)
  2 phantoms
  6 ogres
  2 centaurs
  11 wolves
  5 crocodiles
  A big kobold (D:7)
  7 bullfrogs
  A water moccasin zombie (D:9)
  3 scorpions
  8 wights
  5 electric eels
  4 crimson imps
  A bullfrog zombie (D:9)
  4 howler monkeys
  A jelly (D:10)
  A quasit (D:10)
  A centaur zombie (D:8)
  5 hounds
  6 orc wizards
  Crazy Yiuf (D:2)
  2 bullfrog skeletons
  A centaur skeleton (D:10)
  3 orc priests
  2 iguanas
  Ijyb (D:3)
  Terence (D:2)
  Natasha (twice) (D:3)
  6 worker ants
  A killer bee zombie (D:6)
  8 mummies (Ossuary)
  Robin (D:2)
  2 howler monkey skeletons (D:5)
  12 adders
  11 gnolls
  2 shadow imps
  2 oozes
  2 adder skeletons
  3 worms
  4 dart slugs
  6 leopard geckos
  45 orcs
  7 giant cockroaches
  10 goblins
  11 hobgoblins
  8 jackals
  6 quokkas
  A ball python (D:4)
  8 bats
  6 frilled lizards
  A giant cockroach zombie (D:5)
  3 hobgoblin zombies (Ossuary)
  A jackal zombie (D:5)
  10 kobolds
  2 kobold zombies (Ossuary)
  3 orc zombies (Ossuary)
  11 rats
  A spectral orc (D:2)
  A fire vortex (D:9)
  8 plants (D:10)
387 creatures vanquished.

Vanquished Creatures (collateral kills)
  Snorg (Lair:3)
1 creature vanquished.

Vanquished Creatures (others)
  2 fire vortices (D:9)
  4 fungi (Lair:2)
  8 plants
14 creatures vanquished.

Grand Total: 402 creatures vanquished

Notes
Turn   | Place    | Note
-------+----------+-------------------------------------------
     0 | D:1      | Loudmushroom the Minotaur Berserker began the quest for the Orb.
     0 | D:1      | Reached XP level 1. HP: 19/19 MP: 0/0
   237 | D:1      | Reached XP level 2. HP: 27/27 MP: 1/1
   268 | D:1      | Reached skill level 4 in Axes
   767 | D:2      | Reached XP level 3. HP: 33/33 MP: 2/2
   971 | D:2      | Found a blossoming altar of Fedhas.
  1001 | D:2      | Reached ** piety under Trog
  1069 | D:2      | Found a basalt altar of Yredelemnul.
  1559 | D:2      | Reached XP level 4. HP: 24/40 MP: 3/3
  1977 | D:2      | Noticed Robin
  1992 | D:2      | Killed Robin
  2217 | D:2      | Noticed Terence
  2228 | D:2      | Killed Terence
  2228 | D:2      | Reached skill level 5 in Axes
  2301 | D:2      | Found a runed door.
  2305 | D:2      | Noticed Crazy Yiuf
  2312 | D:2      | Killed Crazy Yiuf
  2312 | D:2      | Reached XP level 5. HP: 47/47 MP: 4/4
  2572 | D:3      | Noticed Ijyb
  2580 | D:3      | Killed Ijyb
  3120 | D:3      | Noticed Natasha
  3145 | D:3      | Killed Natasha
  3413 | D:3      | Reached skill level 6 in Axes
  3413 | D:3      | Reached XP level 6. HP: 50/55 MP: 5/5
  3655 | D:3      | Noticed a moth of wrath
  3658 | D:3      | Found a bloodstained altar of Trog.
  3845 | D:3      | Noticed Natasha
  3853 | D:3      | Killed Natasha
  3853 | D:3      | Reached *** piety under Trog
  3969 | D:4      | Found an ancient bone altar of Kikubaaqudgha.
  4039 | D:4      | Reached skill level 5 in Fighting
  4064 | D:4      | Noticed an orc warrior
  4071 | D:4      | Killed an orc warrior
  4124 | D:4      | Reached XP level 7. HP: 48/61 MP: 6/6
  4243 | D:4      | Found an iron altar of Okawaru.
  4314 | D:4      | Found a shadowy altar of Dithmenos.
  4678 | D:4      | Reached skill level 7 in Axes
  4840 | D:5      | Entered Level 5 of the Dungeon
  4856 | D:5      | Reached skill level 5 in Armour
  5525 | D:5      | Reached skill level 8 in Axes
  5525 | D:5      | Reached skill level 5 in Dodging
  5525 | D:5      | Reached XP level 8. HP: 54/70 MP: 7/7
  5705 | D:5      | Found a hazy altar of Hepliaklqana.
  5905 | D:6      | Found Caschot's Antique Armour Shop.
  6030 | D:6      | Noticed Edmund
  6042 | D:6      | Killed Edmund
  6042 | D:6      | Reached skill level 1 in Evocations
  6275 | D:6      | Reached **** piety under Trog
  6557 | D:6      | Found a sparkling altar of Nemelex Xobeh.
  6565 | D:6      | Found a sacrificial altar of Ru.
  6565 | D:6      | Found a radiant altar of Vehumet.
  6566 | D:6      | Found a glowing silver altar of Zin.
  6569 | D:6      | Found a glowing golden altar of the Shining One.
  6599 | D:6      | Reached skill level 9 in Axes
  6696 | D:6      | Found a burning altar of Makhleb.
  7092 | D:7      | Found a sand-covered staircase.
  7101 | Ossuary  | Entered an ossuary
  7681 | D:6      | Bought a distressingly furry ring mail for 279 gold pieces
  7691 | D:6      | Identified the +2 ring mail "Ufuarog" {+Fly MP+9} (You bought it in a shop on level 6 of the Dungeon)
  7750 | D:7      | Reached XP level 9. HP: 72/79 MP: 9/9
  7888 | D:7      | Received a gift from Trog
  8243 | D:7      | Found a staircase to the Ecumenical Temple.
  8422 | D:8      | Found Xaublas's Weapon Boutique.
  8560 | D:8      | Reached skill level 10 in Axes
  8639 | D:7      | Reached ***** piety under Trog
  9274 | D:9      | Reached XP level 10. HP: 74/88 MP: 11/11
  9280 | D:9      | Reached skill level 11 in Axes
  9329 | D:9      | Noticed a two-headed ogre
  9338 | D:9      | Killed a two-headed ogre
  9466 | D:9      | Received a gift from Trog
  9703 | D:9      | Reached skill level 12 in Axes
  9943 | D:9      | Noticed a two-headed ogre
  9960 | D:9      | Reached skill level 5 in Evocations
  9966 | D:9      | Killed a two-headed ogre
  9968 | D:9      | Reached XP level 11. HP: 97/97 MP: 13/13
 10628 | D:10     | Entered Level 10 of the Dungeon
 10743 | D:10     | Killed an unseen horror
 10865 | D:10     | Noticed a purple ugly thing
 10882 | D:10     | Killed a purple ugly thing
 11210 | D:10     | Noticed a two-headed ogre
 11218 | D:10     | Killed a two-headed ogre
 11562 | D:10     | Reached skill level 13 in Axes
 11673 | D:10     | Noticed an oklob plant
 11685 | D:10     | Found a staircase to the Lair.
 11954 | D:10     | Killed an oklob plant
 12193 | Lair:1   | Entered Level 1 of the Lair of Beasts
 12316 | Lair:1   | Noticed Nergalle
 12335 | Lair:1   | Killed Nergalle
 12335 | Lair:1   | Reached skill level 10 in Fighting
 12604 | Lair:1   | Noticed Harold
 12624 | Lair:1   | Killed Harold
 13654 | Lair:2   | Reached skill level 10 in Armour
 13784 | Lair:2   | Noticed an oklob plant
 13837 | Lair:2   | Reached XP level 12. HP: 96/107 MP: 15/15
 13983 | Lair:2   | Found a staircase to the Snake Pit.
 14008 | Lair:2   | Reached skill level 14 in Axes
 14822 | Lair:2   | Noticed a seven-headed hydra
 14831 | Lair:2   | Killed a seven-headed hydra
 16734 | Lair:3   | Reached skill level 10 in Dodging
 16778 | Lair:3   | Noticed Snorg
 16785 | Lair:3   | Killed Snorg
 17007 | Lair:3   | Found a staircase to the Swamp.
 17016 | Lair:3   | Received a gift from Trog
 17486 | Lair:4   | Noticed a five-headed hydra
 17500 | Lair:4   | Killed a five-headed hydra
 17500 | Lair:4   | Reached skill level 15 in Axes
 17854 | Lair:4   | Splashed by an oklob plant's acid

Skill      XL: |  1  2  3  4  5  6  7  8  9 10 11 12 |
---------------+-------------------------------------+-----
Axes           | 4 5 6 8 9 10 12 13 15 | 15.1
Fighting       | 4 5 6 7 8 9 10 11 | 11.3
Armour         | 3 4 5 6 7 8 10 11 | 11.1
Dodging        | 3 4 5 6 7 8 9 10 | 10.3
Evocations     | 2 3 5 6 7 |  7.3

Action                   |  1- 3 |  4- 6 |  7- 9 | 10-12 || total
-------------------------+-------+-------+-------+-------++-------
Melee: Hand axe          |   103 |   188 |   332 |   215 ||   838
       Headbutt          |    11 |    30 |    80 |   148 ||   269
       War axe           |       |       |       |   258 ||   258
       Morningstar       |       |       |       |    97 ||    97
       Battleaxe         |       |       |       |    12 ||    12
 Fire: Hand crossbow     |       |       |    16 |    31 ||    47
Throw: Stone             |       |    10 |    21 |       ||    31
       Javelin           |       |       |    42 |     6 ||    48
Invok: Berserk           |       |     1 |     1 |     9 ||    11
       Trog's Hand       |       |     2 |     3 |     5 ||    10
       Brothers in Arms  |       |       |       |     1 ||     1
Evoke: Wand              |       |       |       |     5 ||     5
  Use: Scroll            |       |       |    12 |    12 ||    24
  Eat: Chunk             |     2 |    10 |     9 |    28 ||    49
       Ration            |       |       |     3 |     5 ||     8
Armor: Animal skin       |    33 |     5 |       |       ||    38
       Scale mail        |       |    77 |     2 |       ||    79
       Chain mail        |       |       |   104 |       ||   104
       Plate armour      |       |       |    61 |   343 ||   404
Dodge: Dodged            |    72 |   106 |    95 |   214 ||   487
Block: Shield            |       |       |    90 |   197 ||   287
